Map: Automne céruléen EC

Players

llllllllllll - Winner!

  • Race: Protoss Protoss
  • League: Master
  • Spawn Location: 7:00

Neox

  • Race: Zerg Zerg
  • League: Master
  • Spawn Location: 1:00

VOD

Have the link to the VOD?

Description

Time

  • Played on: Dec. 7, 2018, 3:47 p.m.
  • Length: 14:52
Show
View Real Time Build Order
Export as new Build Order

llllllllllll Protoss - Winner!

Build Orders: Oracle Opening, Carriers 

Get SALT Encoding   

  12  0:01  Probe  
  13  0:13  Probe  
  14  0:20  Pylon  
  14  0:21  Probe  
  15  0:34  Probe  
  15  0:41  Gateway  
  16  0:46  Probe  
  17  0:50  Assimilator  
  17  0:58  Probe  
  18  1:05  Gateway  
  18  1:16  Probe  
  19  1:21  Zealot  
  19  1:28  Probe  
  19  1:29  Cybernetics Core  
  22  1:38  Pylon  
  22  1:41  Probe  
  25  2:05  Adept  
  25  2:06  Adept  
  27  2:09  Warp Gate  
  27  2:25  Probe  
  27  2:26  Nexus  
  28  2:33  Probe  
  29  2:41  Probe, Pylon  
  29  2:42  Assimilator  
  30  2:56  Stargate  
  30  2:57  Probe  
  31  3:15  Probe  
  31  3:19  Adept  
  34  3:25  Shield Battery, Zealot  
  30  3:27  Shield Battery  
  30  3:29  Probe, Pylon  
  33  3:36  Oracle  
  34  3:42  Probe  
  37  3:50  Probe  
  37  3:54  Probe  
  39  4:02  Probe  
  40  4:06  Probe, Pylon  
  41  4:11  Probe  
  41  4:13  Phoenix  
  44  4:18  Probe  
  44  4:19  Probe  
  46  4:25  Assimilator  
  46  4:28  Assimilator  
  46  4:29  Adept  
  48  4:34  Probe  
  48  4:37  Probe  
  50  4:46  Probe  
  50  4:49  Probe  
  50  4:52  Fleet Beacon  
  52  4:59  Probe  
  53  5:01  Probe  
  58  5:11  Probe  
  58  5:13  Probe  
  60  5:14  Pylon  
  60  5:21  Void Ray  
  60  5:22  Pylon  
  60  5:31  Probe  
  60  5:34  Nexus  
  62  5:38  Pylon  
  62  5:42  Zealot  
  63  5:44  Probe  
  63  5:48  Probe  
  65  5:50  Stargate  
  65  5:56  Probe  
  65  5:57  Mothership  
  66  6:00  Shield Battery  
  66  6:09  Carrier  
  74  6:15  Probe  
  75  6:24  Void Ray  
  81  6:27  Probe  
  81  6:32  Pylon  
  86  6:46  Probe  
  87  6:48  Probe  
  87  6:52  Assimilator  
  88  6:58  Probe, Carrier  
  88  6:59  Assimilator  
  88  7:00  Probe  
  90  7:07  Pylon  
  96  7:08  Carrier  
  96  7:10  Probe  
  96  7:12  Probe, Protoss Air Weapons Level 1  
  98  7:22  Probe  
  99  7:24  Probe  
  99  7:25  Forge  
  106  7:34  Probe  
  106  7:36  Probe  
  108  7:46  Probe  
  108  7:48  Probe  
  108  7:51  Probe  
  111  7:53  Stargate  
  111  7:58  Probe  
  111  8:03  Probe  
  114  8:07  Pylon  
  114  8:08  Carrier  
  114  8:10  Probe, Pylon  
  114  8:11  Photon Cannon  
  114  8:14  Pylon  
  114  8:16  Pylon  
  114  8:25  Carrier  
  120  8:31  Cybernetics Core  
  120  8:33  Pylon  
  126  8:36  Photon Cannon  
  126  8:39  Photon Cannon  
  126  8:40  Probe  
  127  8:41  Carrier  
  133  9:08  Twilight Council, Carrier  
  133  9:09  Pylon  
  139  9:25  Protoss Air Armor Level 1  
  139  9:26  Protoss Air Weapons Level 2, Nexus  
  139  9:30  Void Ray  
  139  9:37  Void Ray  
  147  9:47  Probe x3  
  150  10:00  Templar Archives  
  150  10:01  Gateway  
  150  10:06  Void Ray  
  150  10:11  Void Ray  
  150  10:12  Pylon  
  158  10:23  Pylon x2  
  158  10:26  Void Ray  
  158  10:28  Psionic Storm  
  162  10:39  Stargate  
  162  10:41  High Templar  
  162  10:42  High Templar  
  166  10:52  Void Ray  
  170  11:00  Assimilator, Void Ray  
  174  11:05  Assimilator  
  174  11:10  High Templar  
  176  11:19  High Templar  
  176  11:24  Protoss Air Armor Level 2  
  178  11:32  High Templar  
  180  11:36  Void Ray  
  182  12:00  Photon Cannon  
  182  12:02  Photon Cannon  
  182  12:03  Void Ray  
  182  12:04  Photon Cannon  
  182  12:05  Void Ray  
  182  12:06  Photon Cannon  
  182  12:07  Photon Cannon  
  190  12:09  Protoss Air Weapons Level 3, Pylon  
  190  12:11  Robotics Facility  
  190  12:20  Void Ray  
  194  12:24  Nexus  
  194  12:36  Protoss Shields Level 1  
  194  12:52  Observer, Void Ray  
  194  12:56  Pylon  
  199  13:07  Stargate  
  199  13:11  Observer  
  199  13:13  Pylon  
  200  13:51  Archon  
  180  13:55  Void Ray x2  
  180  13:56  Void Ray x2  
Show
View Real Time Build Order
Export as new Build Order

Neox Zerg 

Build Orders: Pool First 

Get SALT Encoding   

  12  0:18  Spawning Pool  
  11  0:25  Drone  
  11  0:27  Drone  
  13  0:33  Drone  
  14  0:40  Overlord  
  14  1:06  Zergling x4  
  14  1:08  Zergling x2  
  14  1:11  Queen  
  19  1:19  Drone  
  20  1:33  Hatchery  
  20  1:36  Drone  
  20  1:42  Extractor  
  20  1:44  Drone  
  20  1:55  Drone  
  21  2:10  Drone  
  22  2:19  Overlord  
  22  2:39  Hatchery  
  22  2:43  Queen  
  23  2:45  Zergling x6  
  26  2:53  Drone x2  
  27  3:05  Metabolic Boost  
  27  3:14  Drone  
  27  3:15  Drone x2  
  27  3:16  Drone  
  31  3:26  Drone x2  
  31  3:27  Drone  
  34  3:37  Lair  
  34  3:44  Drone  
  34  3:45  Overlord  
  35  3:52  Spore Crawler  
  35  3:53  Spore Crawler  
  33  3:55  Drone  
  34  4:03  Queen  
  36  4:10  Spore Crawler, Drone  
  36  4:11  Drone  
  37  4:21  Drone x4  
  41  4:26  Drone  
  41  4:27  Drone  
  43  4:40  Hydralisk Den  
  43  4:42  Zergling x8, Extractor  
  45  4:52  Drone x3  
  48  4:53  Drone  
  48  4:55  Overlord  
  49  5:05  Overlord  
  49  5:07  Overlord  
  49  5:18  Muscular Augments  
  49  5:20  Overlord  
  49  5:27  Drone x3  
  52  5:32  Hydralisk x2  
  52  5:34  Drone  
  52  5:35  Drone x6  
  63  5:37  Drone  
  63  5:39  Drone  
  65  5:43  Extractor  
  65  5:44  Hydralisk  
  65  5:45  Extractor  
  65  5:47  Overlord  
  65  5:53  Drone x3  
  65  5:55  Drone  
  65  5:57  Drone  
  70  5:58  Drone  
  70  6:00  Drone  
  70  6:01  Drone  
  70  6:04  Overlord  
  73  6:14  Drone  
  73  6:15  Drone x3  
  73  6:17  Evolution Chamber x2  
  75  6:19  Drone x4  
  75  6:21  Drone  
  75  6:25  Zergling x6  
  81  6:26  Zergling x2  
  81  6:32  Drone x3  
  87  6:33  Overseer  
  87  6:38  Overlord  
  87  6:39  Overlord  
  87  6:44  Zerg Melee Weapons Level 1, Zerg Ground Armor Level 1  
  87  6:46  Hydralisk  
  89  6:58  Hydralisk x2  
  93  7:02  Hydralisk x2  
  93  7:07  Hydralisk x2  
  101  7:09  Hatchery  
  101  7:10  Grooved Spines  
  101  7:13  Hydralisk  
  102  7:18  Extractor x2  
  102  7:19  Drone  
  102  7:20  Drone x5  
  102  7:22  Overlord  
  106  7:39  Overlord x2  
  106  7:40  Overlord  
  106  7:42  Hydralisk  
  106  7:43  Hydralisk x3  
  114  7:45  Overlord x2  
  114  7:55  Baneling Nest  
  114  7:58  Hydralisk x5  
  113  7:59  Hydralisk  
  113  8:01  Zergling x2  
  113  8:02  Zergling x6  
  129  8:10  Drone  
  130  8:24  Queen  
  132  8:30  Spire  
  132  8:32  Spire  
  130  8:40  Drone x5, Spore Crawler x3  
  130  8:41  Drone x6, Spore Crawler  
  135  8:42  Drone x2  
  135  8:46  Extractor  
  135  8:47  Zerg Missile Weapons Level 1  
  137  8:49  Extractor  
  137  8:52  Overlord  
  137  8:53  Overlord  
  136  8:59  Drone x3  
  136  9:00  Drone  
  140  9:08  Overlord  
  140  9:09  Infestation Pit  
  139  9:10  Drone  
  139  9:11  Drone x4  
  139  9:12  Drone, Hatchery  
  144  9:39  Overlord  
  144  9:40  Overlord x2  
  144  9:45  Zerg Flyer Weapons Level 1  
  144  9:46  Zerg Flyer Armor Level 1  
  144  9:48  Hive  
  144  9:49  Corruptor x7  
  158  9:57  Corruptor x3  
  164  10:04  Centrifical Hooks  
  164  10:07  Burrow  
  164  10:09  Corruptor  
  166  10:15  Pathogen Glands  
  166  10:21  Drone x2  
  166  10:22  Drone x6  
  166  10:24  Queen  
  166  10:27  Corruptor  
  166  10:28  Corruptor  
  180  10:34  Zergling x2  
  180  10:35  Corruptor  
  183  10:45  Hatchery  
  183  10:46  Corruptor x2  
  183  10:47  Corruptor x2  
  190  11:10  Corruptor x4  
  198  11:13  Baneling  
  198  11:14  Baneling x6  
  198  11:15  Baneling  
  198  11:17  Baneling  
  198  11:18  Baneling  
  198  11:23  Extractor  
  198  11:24  Extractor  
  196  11:29  Pneumatized Carapace  
  196  11:32  Overseer x2  
  196  11:44  Hatchery  
  195  11:52  Viper  
  198  12:01  Overlord  
  198  12:05  Zerg Melee Weapons Level 2  
  198  12:06  Zerg Missile Weapons Level 2  
  198  12:07  Zerg Flyer Weapons Level 2  
  198  12:08  Zerg Flyer Armor Level 2  
  198  12:12  Neural Parasite  
  198  12:15  Hatchery  
  197  12:39  Overseer x5  
  197  12:46  Queen  
  197  12:49  Extractor  
  198  12:51  Extractor  
  198  12:54  Hatchery  
  196  13:04  Spire  
  195  13:15  Overlord  
  195  13:20  Drone x4  
  199  13:30  Baneling x8  
  199  13:31  Baneling x17  
  199  13:50  Corruptor x8  
  199  13:51  Corruptor x8  
  199  13:52  Corruptor  
  165  13:56  Corruptor  
  165  13:59  Zergling x14  
  165  14:00  Zergling x32  
  165  14:02  Corruptor  
  173  14:03  Corruptor  
  175  14:13  Overlord x3  
  175  14:14  Corruptor x3  
  181  14:18  Corruptor  
Tags
 
Add a new tag
Caveats
  • Supply blocks, unpowered buildings, or Contaminate may cause inaccurate times.
  • Supply counts are checked every 10 seconds.